 Dungeon Crawl Stone Soup version 0.31.0-12-g77e489cdc1 (webtiles) character file.

Game seed: 731782647558581822

0 Arctor the Firebug (level 1, 0/10 HPs)
             Began as a Deep Elf Fire Elementalist on Feb 21, 2024.
             Slain by a jackal (1 damage)
             ... on level 1 of the Dungeon.
             The game lasted 00:00:04 (31 turns).

Arctor the Firebug (Deep Elf Fire Elementalist)       Turns: 31, Time: 00:00:04

Health: 0/10       AC:  2    Str:  5    XL:     1   Next: 0%
Magic:  3/6        EV: 12    Int: 19    God:
Gold:   0          SH:  0    Dex: 15    Spells: 5/6 levels left

rFire   . . .        (no weapon)
rCold   . . .        (no shield)
rNeg    . . .        a - +0 robe
rPois   .            (no helmet)
rElec   .            (no cloak)
rCorr   .            (no gloves)
SInv    .            (no boots)
Will    .....        (no amulet)
Stlth   ++           (no ring)
HPRegen 0.21/turn    (no ring)
MPRegen 0.10/turn

%: no passive effects
@: no status effects
A: no striking features
a: no special abilities


You were on level 1 of the Dungeon.
You visited 1 branch of the dungeon, and saw 1 of its levels.

Inventory:

Armour
 a - a +0 robe (worn)
Potions
 b - a potion of magic


   Skills:
 + Level 2.4 Dodging
 + Level 2.4 Stealth
 + Level 3.0 Spellcasting
 + Level 1.1 Conjurations
 + Level 3.2 Fire Magic


You had 5 spell levels left.
You knew the following spells:

 Your Spells              Type           Power      Damage    Failure   Level
a - Foxfire               Conj/Fire      44%        2x1d6     6%          1

Your spell library contained the following spells:

 Spells                   Type           Power      Damage    Failure   Level
 Scorch                   Fire           30%        2d6       6%          2
 Inner Flame              Hex/Fire       9%         N/A       24%         3
 Volatile Blastmotes      Fire/Tloc      18%        2d11      24%         3
 Flame Wave               Conj/Fire      11%        2d6       52%         4


Dungeon Overview and Level Annotations

Branches:
Dungeon (1/15)

Altars:


Message History

Your foxfire dissipates!
The bat attacks as it pursues you! The bat barely misses you. x2
The bat misses you. The bat attacks as it pursues you! The bat hits you.
The bat barely misses you. The bat hits you but does no damage.
The bat barely misses you. The bat attacks as it pursues you!
The bat misses you. x2; The bat hits you.
You conjure some foxfire!
The bat closely misses you. The jackal bites you. The jackal barely misses you.
You conjure some foxfire!
The foxfire hits the jackal but does no damage. x2
The bat hits the plant.
The plant begins to die.
The bat hits the plant.
The jackal bites you but does no damage.
The jackal misses you.
You completely miss the jackal.
The foxfire hits the jackal.
The jackal is lightly wounded.
The bat hits the plant. x2; The jackal barely misses you.
The jackal bites you.
The bat hits the plant.
The jackal bites you but does no damage.
You conjure some foxfire!
The bat hits the plant. x2; The jackal bites you.
The bat hits the plant.
The jackal bites you.
* * * LOW HITPOINT WARNING * * *
The jackal completely misses you.
You are too injured to fight recklessly!
Unknown command.
You are too injured to fight recklessly!
Unknown command.
You are too injured to fight recklessly!
Unknown command.
You are too injured to fight recklessly!
You are too injured to fight recklessly!
Unknown command.
The foxfire hits the jackal but does no damage.
The bat hits the plant. x2; The jackal bites you.
* * * LOW HITPOINT WARNING * * *
The bat hits the plant.
The jackal closely misses you.
You are too injured to fight recklessly!
The bat hits the plant. x2; The jackal barely misses you.
The jackal closely misses you.
The bat hits the plant.
The jackal bites you.
You die...

#################
...>.......h.....
######.#########
#.#### #....#
##..b##


#P.hhP# ##..@## #P.ยง.P# ##...## #P...P# ##...## #P.P.P# ##.P.## #P...P# ##..[##
You could see 2 jackals and a bat.

Vanquished Creatures (collateral kills)
  A foxfire (D:1)
1 creature vanquished.

Vanquished Creatures (others)
  4 foxfires (D:1)
4 creatures vanquished.

Grand Total: 5 creatures vanquished

Notes
Turn   | Place    | Note
-------+----------+-------------------------------------------
     0 | D:1      | Arctor the Deep Elf Fire Elementalist began the quest for
                  | the Orb.
     0 | D:1      | Reached XP level 1. HP: 10/10 MP: 6/6
    31 | D:1      | Slain by a jackal

Illustrated notes

Levels and vault maps discovered:
D:1:      minmay_arrival_plants_in_alcoves, layout_basic

Action                     || total
---------------------------++-------
  Melee: Unarmed           ||     3
   Cast: Foxfire           ||     4
 Armour: Robe              ||    14
  Dodge: Dodged            ||    19
